 Dungeon Crawl Stone Soup version 0.17.1-3-g152610e (webtiles) character file.

239 GrosslyIncandescent the Insei (level 5, -7/43 HPs)
             Began as a Mummy Monk on Mar 3, 2016.
             Mangled by Duvessa
             ... wielding a +0 short sword
              (9 damage)
             ... on level 3 of the Dungeon.
             The game lasted 00:06:22 (4901 turns).

GrosslyIncandescent the Insei (Mummy Monk)          Turns: 4901, Time: 00:06:22

Health: -7/43      AC:  1    Str: 14    XL:     5   Next: 79%
Magic:  14/14      EV: 13    Int:  9    God:
Gold:   184        SH:  0    Dex: 16    Spells: 0 memorised, 4 levels left

rFire  x . .     SeeInvis .       - Unarmed
rCold  + . .     Clarity  .     (no armour)
rNeg   + + +     SustAt   .     (no shield)
rPois  ∞         Gourm    .     (no helmet)
rElec  .         Spirit   .     (no cloak)
rCorr  .         Warding  .     (no gloves)
rMut   .         Stasis   .     k - +0 pair of boots
MR     .....                    (no amulet)
Stlth  ++........               (no ring)
                                j - ring of magical power

@: not resistant to hostile enchantments, unstealthy
A: no food or potions, fire vulnerability, cold resistance 1, negative energy
resistance 3, torment resistance, unbreathing
a: no special abilities


You were on level 3 of the Dungeon.
You were not hungry.

You visited 1 branch of the dungeon, and saw 4 of its levels.

You collected 184 gold pieces.


Innate Abilities, Weirdness & Mutations

You do not eat or drink.
Your flesh is vulnerable to fire.
You are immune to poison.
Your flesh is cold resistant.
You are immune to negative energy.
You are immune to unholy pain and torment.
You can survive without breathing.


   Skills:
 + Level 4.8 Fighting
 - Level 2.4 Dodging
 - Level 1.5 Stealth
 - Level 5.0 Unarmed Combat


You had 4 spell levels left.
You didn't know any spells.

Inventory:

Hand Weapons
 l - a +1 dagger {Dowan's prick}
Armour
 i - a +0 leather armour {Jessica's leathers}
 k - a +0 pair of boots (worn)
Jewellery
 j - a ring of magical power (left hand)
Scrolls
 a - 2 scrolls of identify {unknown}
 b - a scroll of magic mapping {unknown}
 c - a scroll of remove curse {unknown}
 d - a scroll of enchant weapon
 e - 3 scrolls of recharging {unknown}
 f - a scroll of fog {unknown}
 g - a scroll of noise {unknown}
 h - a scroll of random uselessness {unknown}

Dungeon Overview and Level Annotations

Branches:
Dungeon (4/15)
 Temple: D:4-7

Altars:
Ashenzari
Elyvilon

Annotations:
D:3 Duvessa; SaintRoka's ghost, amateur OgAr
D:4 Eustachio; Menkaure

▒.▒ ▒.▒ ▒.▒ ▒.▒ ▒.▒▒▒▒▒▒▒▒▒▒.▒
▒.▒ ▒.....>...▒▒.▒ ▒▒▒▒▒▒▒▒ ▒.▒
▒.▒▒▒▒▒▒▒.▒▒.▒ ▒....... ▒.▒ ▒.▒
▒.▒▒.▒▒▒▒▒▒.▒▒▒▒▒▒ ▒.▒ ▒.▒
▒>▒▒........▒ ▒.▒ ▒.▒
▒.▒▒▒..▒▒▒▒▒▒ ..▒ ▒.▒▒▒▒▒▒▒e▒
▒..▒▒▒▒▒▒▒▒▒▒▒ ▒▒▒ ▒.......▒@▒
▒.....▒▒..[...
▒▒▒▒▒▒▒▒.▒▒▒▒▒.▒W▒▒▒.▒▒▒.▒▒......
.......▒.▒ ▒.▒.▒.......▒▒......
▒▒▒▒▒▒.▒.▒ ▒.▒.........▒▒).....
▒.▒.▒ ▒..▒.....<..........
▒.▒.▒▒▒▒▒▒▒.......).▒▒......
▒.▒.........▒....▒..▒▒......
▒.▒▒▒▒▒▒▒▒▒▒▒..▒.▒).▒▒▒▒▒▒▒. ▒▒▒
▒.▒ ▒.▒▒▒...▒▒▒▒▒▒▒.


You could see Duvessa (berserk) and SaintRoka's ghost.


Message History

You climb downwards.
Level annotation: Duvessa; Eustachio; Menkaure
There is a stone staircase leading up here.
Duvessa shouts!
Duvessa goes berserk!
Duvessa rages.
There is a stone staircase leading up here.
Duvessa hits you with a short sword! Duvessa hits you with a short sword.
You climb upwards.
Level annotation: SaintRoka's ghost, amateur OgAr
There is a stone staircase leading down here.
Enter note: I'LL GIVE YOU BACK YOUR DUDE'S DICK
Enter note: PLEASE DON'T KILL ME Unknown command.
Read which item? (? for menu, Esc to quit)
Okay, then.
Duvessa hits you with a short sword!
* * * LOW HITPOINT WARNING * * *
Duvessa misses you.
There is a stone staircase leading down here.
Duvessa rages.
Duvessa hits you with a short sword!
* * * LOW HITPOINT WARNING * * *
Read which item? (? for menu, Esc to quit)
As you read the scroll labeled ZUIHOFYMADGH, it crumbles to dust.
It is a scroll of enchant weapon.
Enchant which weapon? (? for menu, Esc to quit)
Your dagger {Dowan's prick} glows red for a moment.
Duvessa hits you with a short sword!
You die...

Action                   |  1- 3 |  4- 6 || total
-------------------------+-------+-------++-------
Melee: Unarmed           |   140 |   179 ||   319
  Use: Scroll            |       |     1 ||     1
 Stab: Sleeping          |    13 |     1 ||    14
       Distracted        |       |     1 ||     1

Vault maps used:
D:1:      dpeg_arrival_subterranean_lakeside_camping
D:3:      guppyfry_early_lair_pool, uniq_jessica
D:4:      nicolae_ashenzari_panopticon, elyvilon_altar_1, first_bread,
          dk_vineyard_2, uniq_eustachio, uniq_duvessa, uniq_menkaure

Notes
Turn   | Place    | Note
--------------------------------------------------------------
     0 | D:1      | GrosslyIncandescent the Mummy Monk began the quest for the Orb.
     0 | D:1      | Reached XP level 1. HP: 18/18 MP: 1/1
   345 | D:1      | Reached XP level 2. HP: 18/24 MP: 2/2
   820 | D:1      | Reached skill level 4 in Unarmed Combat
  1077 | D:2      | Reached XP level 3. HP: 3/29 MP: 3/3
  2247 | D:2      | Reached XP level 4. HP: 12/35 MP: 4/4
  3188 | D:3      | Reached skill level 5 in Unarmed Combat
  3223 | D:3      | HP: 2/35 [jackal (2)]
  3309 | D:3      | Noticed SaintRoka's ghost (amateur OgAr)
  3668 | D:3      | Noticed Jessica
  3690 | D:3      | Killed Jessica
  3690 | D:3      | Reached XP level 5. HP: 26/41 MP: 5/5
  4256 | D:4      | Reached skill level 4 in Fighting
  4396 | D:4      | Found a shattered altar of Ashenzari.
  4492 | D:4      | Noticed an orc warrior
  4492 | D:4      | Found a white marble altar of Elyvilon.
  4617 | D:4      | Noticed Menkaure
  4735 | D:4      | Noticed Dowan
  4736 | D:4      | Noticed Duvessa
  4739 | D:4      | Noticed Eustachio
  4770 | D:4      | Killed Dowan
  4893 | D:3      | I'LL GIVE YOU BACK YOUR DUDE'S DICK
  4893 | D:3      | PLEASE DON'T KILL ME
  4899 | D:3      | HP: 1/43 [Duvessa/short sword (17)]
  4901 | D:3      | Mangled by Duvessa

Vanquished Creatures
  Dowan (D:4)
  A crimson imp (D:4)
  Jessica (D:3)
  4 adders
  An ooze (D:3)
  A giant gecko (D:2)
  8 orcs (D:3)
  2 giant cockroaches
  8 hobgoblins
  10 jackals
  A ball python (D:3)
  10 bats
  3 giant newts
  11 goblins
  8 kobolds
  2 quokkas
  14 rats
86 creatures vanquished.
